 Dungeon Crawl Stone Soup version 0.30-b1-2-g02819fbbbe (webtiles) character file.

Game seed: 5400486869936116760

254 Metae the Shield-Bearer (level 5, -1/48 HPs)
             Began as a Minotaur Fighter on June 19, 2023.
             Killed from afar by an orc wizard (10 damage)
             ... with a magic dart
             ... on level 4 of the Dungeon.
             The game lasted 00:07:11 (2609 turns).

Metae the Shield-Bearer (Minotaur Fighter)          Turns: 2609, Time: 00:07:11

Health: -1/48      AC: 14    Str: 23    XL:     5   Next: 91%
Magic:  4/4        EV:  6    Int:  5    God:
Gold:   180        SH:  4    Dex:  9    Spells: 4/4 levels left

rFire   . . .        a - +0 war axe
rCold   . . .        c - +0 buckler
rNeg    . . .        r - +0 plate armour
rPois   +            (helmet restricted)
rElec   .            v - +1 cloak
rCorr   .            (no gloves)
SInv    .            (no boots)
Will    .....        (no amulet) Stlth
                     t - ring of poison resistance
HPRegen 0.28/turn    (no ring)
MPRegen 0.09/turn

%: no passive effects
@: no status effects
A: horns 2, retaliatory headbutt
a: no special abilities


You were on level 4 of the Dungeon.
You visited 1 branch of the dungeon, and saw 4 of its levels.

You collected 180 gold pieces.

Inventory:

Hand Weapons
 a - a +0 war axe (weapon)
 h - a +0 sling
Missiles
 q - 9 stones (quivered)
Armour
 b - a +0 scale mail
 c - a +0 buckler (worn)
 g - a scarf of invisibility
 r - a +0 plate armour (worn)
 v - a +1 cloak (worn)
Jewellery
 t - a ring of poison resistance (left hand)
Scrolls
 f - 3 scrolls of identify {unknown}
 k - 6 scrolls of teleportation {unknown}
 m - 4 scrolls of poison {unknown}
 n - a scroll of magic mapping {unknown}
 o - a scroll of enchant weapon {unknown}
 p - 3 scrolls of silence {unknown}
 s - a scroll of enchant armour {unknown}
Potions
 d - a potion of might
 e - 2 potions of mutation {unknown}
 i - a potion of invisibility {unknown}
 j - 2 potions of brilliance {unknown}
 l - 4 potions of curing {unknown}
 u - 2 potions of attraction {unknown}
 w - a potion of ambrosia {unknown}


   Skills:
 + Level 5.1 Fighting
 + Level 4.3 Axes
 + Level 5.0 Armour
 + Level 5.1 Shields


You had 4 spell levels left.
You didn't know any spells.
Your spell library was empty.

Dungeon Overview and Level Annotations

Branches:
Dungeon (4/15)
 Temple: D:4-7

Altars:
Vehumet
Xom

Annotations:
D:4 2 runed translucent doors, HumbleHazard's ghost, amateur HOFi


Innate Abilities, Weirdness & Mutations

You have a pair of horns on your head.
You reflexively headbutt those who attack you in melee.


Message History

The orc priest casts a cantrip, but nothing happens.
The orc hits you from afar with a +0 trident.
You hit the orc priest but do no damage.
The orc priest is almost dead.
You block the orc priest's attack. You block the orc's attack.
You barely miss the orc priest.
The orc priest is almost dead.
The orc priest mumbles some strange prayers to Beogh against you.
Pain shoots through your body! The orc barely misses you.
You barely miss the orc priest.
The orc priest is almost dead.
The orc priest mumbles some strange prayers to Beogh against you.
Beogh smites you!
* * * LOW HITPOINT WARNING * * *
The orc hits you but does no damage. You block the orc priest's attack.
The orc hits you from afar with a +0 trident.
* * * LOW HITPOINT WARNING * * *
You hit the orc priest but do no damage.
Your headbutt misses the orc priest.
The orc priest is almost dead.
The orc priest hits you but does no damage.
The orc hits you but does no damage.
You hit the orc priest.
You kill the orc priest!
The orc hits you but does no damage. The orc barely misses you.
Your Armour skill increases to level 5!
You hit the orc.
The orc is moderately wounded.
The orc hits you but does no damage. You block the orc's attack.
You slash the orc!
You kill the orc!
The orc hits you but does no damage. Something hits you but does no damage.
An orc wizard appears from thin air!
Reactivating autopickup.
The orc wizard points at you and mumbles some strange words.
You resist with some effort.
The orc wizard points at you and mumbles some strange words.
The magic dart hits you!
You die...

#
#..#.###############
#....)..oShoo..@...#
#+##.#############.#
.S #.# ... #.# ...
#)# .. #.# . #.# #.#
############.#


You could see a black bear, an orc wizard, an adder and 2 orcs.

Vanquished Creatures
  Crazy Yiuf (D:3)
  An orc priest (D:4)
  2 orc wizards
  4 adders (D:3)
  3 worms
  4 dart slugs
  11 orcs
  7 bats
  6 endoplasms
  2 giant cockroaches
  9 hobgoblins
  6 jackals (D:1)
  8 kobolds
  4 quokkas
  7 ball pythons
  4 frilled lizards
  6 goblins
  7 rats
92 creatures vanquished.

Vanquished Creatures (others)
  A fungus (D:3)
1 creature vanquished.

Grand Total: 93 creatures vanquished

Notes
Turn   | Place    | Note
-------+----------+-------------------------------------------
     0 | D:1      | Metae the Minotaur Fighter began the quest for the Orb.
     0 | D:1      | Reached XP level 1. HP: 19/19 MP: 0/0
    58 | D:1      | Reached XP level 2. HP: 27/27 MP: 1/1
   412 | D:1      | Reached XP level 3. HP: 31/33 MP: 2/2
  1441 | D:3      | Reached XP level 4. HP: 41/41 MP: 3/3
  1462 | D:3      | Found a shimmering altar of Xom.
  1672 | D:3      | Reached XP level 5. HP: 25/47 MP: 4/4
  2071 | D:3      | Found a radiant altar of Vehumet.
  2328 | D:3      | Found a runed translucent door.
  2329 | D:3      | Noticed Crazy Yiuf
  2377 | D:3      | Killed Crazy Yiuf
  2514 | D:4      | Found a large runed translucent door.
  2517 | D:4      | Found a large runed translucent door.
  2523 | D:4      | Noticed HumbleHazard's ghost (amateur HOFi)
  2581 | D:4      | Noticed a black bear
  2589 | D:4      | Reached skill level 5 in Fighting
  2589 | D:4      | Reached skill level 5 in Shields
  2599 | D:4      | Reached skill level 5 in Armour
  2609 | D:4      | Killed from afar by an orc wizard

Illustrated notes

Levels and vault maps discovered:
D:1:      grunt_arrival_lava_bath, layout_loops_cross
D:2:      layout_loops_ring, minmay_goblin_outpost
D:3:      layout_loops_cross, mainiacjoe_overflow_cross_hatched,
          mainiacjoe_overflow_tiny_flanked, minmay_joined_circles,
          uniq_crazy_yiuf_cottage
D:4:      layout_basic, ebering_ghost_disaster_area

Skill      XL: |  1  2  3  4  5 |
---------------+----------------+-----
Shields        | 4 5 |  5.1
Armour         | 4 5 |  5.0
Fighting       | 4 5 |  5.1
Axes           | 3 4 |  4.3

Action                     |  1- 3 |  4- 6 || total
---------------------------+-------+-------++-------
  Melee: War axe           |   103 |   109 ||   212
         Headbutt          |    13 |    17 ||    30
  Throw: Stone             |    15 |       ||    15
         Throwing net      |     1 |       ||     1
 Armour: Scale mail        |    64 |    42 ||   106
         Plate armour      |       |    22 ||    22
  Dodge: Dodged            |    50 |    45 ||    95
  Block: Buckler           |    32 |    19 ||    51
